 Dungeon Crawl Stone Soup version 0.31-a0-1042-ga9834b393d (webtiles) character file.

Game seed: 13000548204793333825

10003 Angani the Fighter (level 11, -9/94 HPs)
             Began as a Djinni Necromancer on Nov 14, 2023.
             Was an Initiate of Yredelemnul.
             Mangled by a boulder beetle (33 damage)
             ... on level 11 of the Dungeon on Nov 20, 2023.
             The game lasted 00:37:43 (10153 turns).

Angani the Fighter (Djinni Necromancer)            Turns: 10153, Time: 00:37:43

Health: -9/94      AC:  8    Str:  7    XL:     11   Next: 84%
Gold:   451        EV: 12    Int: 20    God:    Yredelemnul [......] SH:  0 Dex: 15

rFire   + + .        (no weapon)
rCold   x . .        (no shield)
rNeg    . . .        a - +0 robe
rPois   ∞            n - +0 helmet
rElec   .            L - +0 cloak
rCorr   +            (no gloves)
SInv    .            (boots unavailable)
Will    ++...        F - amulet of faith
Stlth   ++           h - +4 ring of protection
HPRegen 0.35/turn    D - ring "Higram" {Will+ rCorr}
MPRegen 0.00/turn

%: faith, infuse magic (-10 HP)
@: about to teleport, flying, slowed, studying Fighting, very slow
A: sickness immunity, fire resistance 2, cold vulnerability 1, float, innate
caster, HP casting, extra vitality 1
a: Renounce Religion, Recall Undead Harvest


You were on level 11 of the Dungeon.
You worshipped Yredelemnul.
Yredelemnul was noncommittal.
You visited 1 branch of the dungeon, and saw 11 of its levels.
You also visited: Sewer and Bailey.

You collected 451 gold pieces.

Inventory:

Armour
 a - a +0 robe (worn)
 n - a +0 helmet (worn)
 s - +0 swamp dragon scales
 L - a +0 cloak (worn)
Jewellery
 h - a +4 ring of protection (left hand)
 D - the ring "Higram" (right hand) {Will+ rCorr}
   (You took it off a kobold on level 7 of the Dungeon)

   [ring of resist corrosion]

   Will+:     It increases your willpower.
   rCorr:     It protects you from acid and corrosion.
 F - an amulet of faith (around neck)
 G - a ring of willpower
Talismans
 k - a serpent talisman
 p - a flux talisman
Wands
 g - a wand of flame (25)
 u - a wand of charming (4)
 y - a wand of polymorph (19)
Scrolls
 c - a scroll of blinking
 e - 7 scrolls of teleportation
 i - 3 scrolls of enchant armour
 j - a scroll of revelation
 l - 2 scrolls of fog
 q - a scroll of torment {unknown}
 r - 3 scrolls of enchant weapon
 t - a scroll of poison
 v - a scroll of noise
 w - a scroll of fear {unknown}
 E - a scroll of summoning {unknown}
 J - 2 scrolls of amnesia {unknown}
 K - 2 scrolls of vulnerability {unknown}
Potions
 b - 5 potions of brilliance
 d - 2 potions of invisibility
 f - 4 potions of haste
 m - a potion of lignification
 o - 2 potions of enlightenment
 x - a potion of cancellation
 z - 3 potions of resistance
 A - 2 potions of heal wounds
 B - 2 potions of might
 C - 2 potions of curing
 H - a potion of magic {unknown}
 I - a potion of ambrosia


   Skills:
 + Level 14.3 Fighting
 - Level 2.1 Dodging
 - Level 1.5 Stealth
 + Level 10.2 Spellcasting
 + Level 10.2 Conjurations
 + Level 10.2 Hexes
 + Level 10.2 Summonings
 + Level 10.2 Necromancy
 + Level 10.2 Translocations
 + Level 10.2 Transmutations
 + Level 10.2 Fire Magic
 + Level 10.2 Ice Magic
 + Level 10.2 Air Magic
 + Level 10.2 Earth Magic
 + Level 10.2 Poison Magic


You knew the following spells:

 Your Spells              Type           Power      Damage    Failure   Level
a - Necrotise             Necr           100%       1d9       1%          1
b - Vampiric Draining     Necr           50%        2d9       1%          3
c - Animate Dead          Necr           50%        N/A       1%          4
d - Agony                 Necr           50%        N/A       2%          5
e - Slow                  Hex            100%       N/A       1%          1
f - Momentum Strike       Conj/Tloc      100%       3d10      1%          2
g - Call Canine Familiar  Summ           50%        N/A       1%          3
h - Sticky Flame          Conj/Fire      50%        2d7       1%          4
i - Anguish               Hex/Necr       25%        N/A       1%          4
Your spell library was empty.

Dungeon Overview and Level Annotations

Branches:
Dungeon (11/15)            Temple (0/1) D:7            Lair (0/5) D:9
  Sewer (visited)          Bailey (visited)
    Orc: D:9-12

Altars:
Cheibriados
Trog
Wu Jian
Xom
Yredelemnul
The Shining One

Portals:
Abyss: D:9
Ice
Cave: D:11

Annotations:
D:4 3 runed translucent doors, Takeo's ghost, novice GrCj
D:9 2 transporters, Mgcat's ghost, novice TrBr
D:10 exclusion: downstairs


Innate Abilities, Weirdness & Mutations

You are immune to sickness and miasma.
You are immune to poison.
Your flesh is very heat resistant. (rF++)
You are vulnerable to cold. (rC-)
You float through the air rather than walking.
You learn spells naturally, not from books.
Your magical power is your life essence.
You have superior vitality. (+4 MHP)


Message History

Press: ? - help, Shift-Dir - straight line, f/p - wraith
Aim: a wraith (moderately damaged, unstickable)
The sticky flame hits the wraith but does no damage.
The wraith is moderately damaged.
Your wolf bites the boulder beetle but does no damage. x2
The boulder beetle closely misses your wolf.
Your wolf bites the boulder beetle!
The wraith barely misses you.
The boulder beetle curls into a ball and begins rolling!
Unknown command.
Casting: Sticky Flame (mildly dangerous; 1% risk of failure)
Confirm with . or Enter, or press ? or * to list all spells.
Okay, then.
Unknown command.
Aiming: Charm
Press: ? - help, Shift-Dir - straight line, f/p - wraith
Aim: a wraith (moderately damaged, chance to affect: 17%)
The wraith resists with almost no effort.
Your wolf bites the boulder beetle but does no damage.
Your wolf bites the boulder beetle.
The wraith hits you but does no damage. The boulder beetle hits your wolf!!
Your wolf dies!
Your wolf's corpse disappears in a puff of smoke!
The boulder beetle stops rolling and uncurls.
The wraith hits you. The wraith drains your vigour!
You feel as though you will be slow longer.
Unknown command.
Okay, then.
As you read the scroll of teleportation, it crumbles to dust.
You feel strangely unstable.
The boulder beetle curls into a ball and begins rolling!
The wraith hits you!
* * * LOW HITPOINT WARNING * * *
Unknown command.
Blink to where?
Press: ? - help, Dir - move target, p - wraith
As you read the scroll of blinking, it crumbles to dust.
Unknown command.
The boulder beetle hits you!!
You die...
Your body rises from the dead as a mindless zombie.

#.## #..# #..## ##...
##### ...# ./....
#...####..## .....
##..@B○○°...# #...
#........W..##
##...####.........°..#
##..........).....##.§##
##.........###.).####...#
.........### #..## ###.##
####...## #..# #..# ##..#
#..# #..# #..# #..#
#....#


You could see a boulder beetle (rolling) and a wraith.

Vanquished Creatures
  A two-headed ogre (D:11)
  An orc knight (Bailey)
  A rime drake (D:9)
  A troll (D:10)
  A polar bear (D:9)
  A hornet (D:9)
  2 wyverns
  3 yaks (D:7)
  Grum (D:8)
  3 steam dragons
  8 vampire mosquitoes
  Edmund (D:5)
  Duvessa (D:6)
  3 water moccasins
  6 ice beasts (D:9)
  8 orc warriors
  2 black bears
  4 wolves
  3 centaurs
  3 kobold brigands
  2 bullfrogs
  3 scorpions
  7 killer bees
  3 howler monkeys
  2 hounds
  2 orc priests
  A sleepcap (D:6)
  A jelly (D:6)
  Ijyb (D:5)
  3 iguanas
  5 orc wizards
  5 gnolls
  5 adders
  2 white imps
  An ufetubus (D:5)
  2 worms
  33 orcs
  6 bats
  7 endoplasms
  7 giant cockroaches
  6 goblins
  4 hobgoblins
  7 quokkas
  7 ball pythons
  3 frilled lizards (D:1)
  34 kobolds
  6 rats
219 creatures vanquished.

Vanquished Creatures (collateral kills)
  Grinder (D:5)
  A shadow (D:9)
  A wraith (D:10)
  2 vampire mosquitoes (D:10)
  A sky beast (D:7)
  Dowan (D:6)
  A killer bee (D:10)
  3 howler monkeys
  A hound (D:6)
  A gnoll bouda (D:5)
  An iguana (D:5)
  An orc wizard (D:10)
  3 gnolls (D:5)
  An ufetubus (D:5)
  A dart slug (D:1)
  5 orcs
  An endoplasm (Sewer)
  A ball python (Sewer)
  A bat (Sewer)
  5 kobolds
  2 rats (Sewer)
  2 butterflies (D:5)
37 creatures vanquished.

Vanquished Creatures (others)
  An ugly thing (D:10)
  A water moccasin zombie (D:9)
  A wolf zombie (D:8)
  A bullfrog zombie (D:7)
  4 killer bee zombies (D:8)
  2 ice beast zombies (D:9)
  3 howler monkey zombies
  A gnoll (D:5)
  A steam dragon zombie (D:7)
  An elf zombie (D:6)
  A spectral white imp (D:8)
  3 bat zombies (Sewer)
  A gnoll zombie (D:6)
  4 kobold zombies
  12 orc zombies
  A rat zombie (Sewer)
38 creatures vanquished.

Grand Total: 294 creatures vanquished

Notes
Turn   | Place    | Note
-------+----------+-------------------------------------------
     0 | D:1      | Angani the Djinni Necromancer began the quest for the Orb.
     0 | D:1      | Angani set off with the following spells memorised:
                  | Necrotise, Vampiric Draining, Animate Dead, Agony.
     0 | D:1      | Reached XP level 1. HP: 15/15 MP: 0/0
   166 | D:1      | Reached XP level 2. HP: 19/22 MP: 0/0
   235 | D:1      | Reached skill level 1 in Fighting
   404 | D:1      | Reached XP level 3. HP: 26/27 MP: 0/0
   404 | D:1      | Learned a level 1 spell: Slow
  1099 | D:3      | Reached skill level 2 in Fighting
  1289 | D:3      | Reached XP level 4. HP: 31/33 MP: 0/0
  1989 | D:4      | Reached XP level 5. HP: 36/40 MP: 0/0
  1989 | D:4      | Learned a level 2 spell: Momentum Strike
  2022 | D:4      | Found a runed translucent gate.
  2073 | D:4      | Found a runed translucent gate.
  2074 | D:4      | Found a runed translucent gate.
  2076 | D:4      | Noticed Takeo's ghost (novice GrCj)
  2083 | D:4      | Noticed a black bear
  2136 | D:4      | Killed a black bear
  2137 | D:4      | Reached skill level 3 in Fighting
  2137 | D:4      | Reached XP level 6. HP: 38/46 MP: 0/0
  2507 | D:5      | Identified the "Teulomao"
  2507 | D:5      | Entered Level 5 of the Dungeon
  2508 | D:5      | Noticed a wyvern
  2607 | D:5      | Noticed Edmund
  2821 | D:5      | Killed Edmund
  2822 | D:5      | Reached skill level 4 in Fighting
  2919 | D:5      | Found a snail-covered altar of Cheibriados.
  2943 | D:5      | Reached XP level 7. HP: 52/53 MP: 0/0
  2943 | D:5      | Learned a level 3 spell: Call Canine Familiar
  2947 | D:5      | Reached skill level 5 in Spellcasting
  2947 | D:5      | Reached skill level 5 in Conjurations
  2947 | D:5      | Reached skill level 5 in Hexes
  2947 | D:5      | Reached skill level 5 in Summonings
  2947 | D:5      | Reached skill level 5 in Necromancy
  2947 | D:5      | Reached skill level 5 in Translocations
  2947 | D:5      | Reached skill level 5 in Transmutations
  2947 | D:5      | Reached skill level 5 in Fire Magic
  2947 | D:5      | Reached skill level 5 in Ice Magic
  2947 | D:5      | Reached skill level 5 in Air Magic
  2947 | D:5      | Reached skill level 5 in Earth Magic
  2947 | D:5      | Reached skill level 5 in Poison Magic
  2966 | D:5      | Killed a wyvern
  2967 | D:5      | Reached skill level 5 in Fighting
  3159 | D:5      | Noticed Grinder
  3175 | D:5      | Paralysed by Grinder for 4 turns
  3190 | D:5      | Killed Grinder
  3191 | D:5      | Reached skill level 6 in Fighting
  3191 | D:5      | Reached XP level 8. HP: 16/61 MP: 0/0
  3353 | D:5      | Identified the +0 helmet of Hacesaj {Harm Str+2 Dex-2}
  3371 | D:5      | Found a shimmering altar of Xom.
  3476 | D:5      | Found a basalt altar of Yredelemnul.
  3501 | D:5      | Noticed Ijyb
  3512 | D:5      | Became a worshipper of Yredelemnul the Dark
  3521 | D:5      | Killed Ijyb
  3774 | D:6      | Reached * piety under Yredelemnul
  3778 | D:6      | Found a glowing drain.
  3807 | Sewer    | Entered a sewer
  3941 | Sewer    | Reached ** piety under Yredelemnul
  4093 | D:6      | Noticed Dowan
  4094 | D:6      | Noticed Duvessa
  4115 | D:6      | Killed Duvessa
  4129 | D:6      | Reached skill level 7 in Fighting
  4129 | D:6      | Killed Dowan
  4130 | D:6      | Reached XP level 9. HP: 62/68 MP: 0/0
  4130 | D:6      | Learned a level 4 spell: Sticky Flame
  4257 | D:6      | Identified the +3 ring mail of Impermeability {rF+ rN+
                  | rCorr Int+2}
  4445 | D:6      | Your ally Duvessa died
  4509 | D:6      | Reached skill level 8 in Fighting
  4640 | D:6      | Reached *** piety under Yredelemnul
  4756 | D:7      | Identified the "Uduupt"
  4802 | D:7      | Found a staircase to the Ecumenical Temple.
  5041 | D:7      | Identified the ring "Higram" {Will+ rCorr}
  5285 | D:7      | Reached skill level 9 in Fighting
  5348 | D:7      | Reached XP level 10. HP: 54/78 MP: 0/0
  6041 | D:8      | Found a flagged portal.
  6063 | Bailey   | Entered a bailey
  6167 | Bailey   | Reached skill level 10 in Fighting
  6578 | Bailey   | Reached **** piety under Yredelemnul
  6600 | Bailey   | Noticed an orc knight
  6657 | Bailey   | Killed an orc knight
  6952 | D:8      | Noticed Grum
  7007 | D:8      | Reached skill level 11 in Fighting
  7009 | D:8      | Killed Grum
  7324 | D:9      | Found a transporter.
  7349 | D:9      | Noticed a toenail golem
  7493 | D:9      | Noticed a rime drake
  7498 | D:9      | Reached XP level 11. HP: 50/87 MP: 0/0
  7498 | D:9      | Learned a level 4 spell: Anguish
  7502 | D:9      | Found a staircase to the Lair.
  7531 | D:9      | Reached skill level 12 in Fighting
  7923 | D:9      | Found a bloodstained altar of Trog.
  7929 | D:9      | Found a glowing golden altar of the Shining One.
  8091 | D:9      | Found a transporter.
  8108 | D:9      | Noticed a toenail golem
  8112 | D:9      | Found a one-way gate to the infinite horrors of the Abyss.
  8112 | D:9      | Noticed Mgcat's ghost (novice TrBr)
  8337 | D:10     | Identified the "Gox Qimi"
  8337 | D:10     | Entered Level 10 of the Dungeon
  8342 | D:10     | Noticed a cyan ugly thing
  8539 | D:10     | Reached skill level 13 in Fighting
  8995 | D:10     | Found an ornate altar of the Wu Jian Council.
  9402 | D:10     | Killed a cyan ugly thing
  9720 | D:10     | Reached ***** piety under Yredelemnul
  9822 | D:11     | Found a frozen archway.
  9828 | D:10     | Upgraded the game from 0.31-a0-1009-g454b1f1e0a to
                  | 0.31-a0-1029-ge8c24b2130
  9849 | D:11     | Upgraded the game from 0.31-a0-1029-ge8c24b2130 to
                  | 0.31-a0-1042-ga9834b393d
  9858 | D:11     | Reached skill level 10 in Spellcasting
  9858 | D:11     | Reached skill level 10 in Conjurations
  9858 | D:11     | Reached skill level 10 in Hexes
  9858 | D:11     | Reached skill level 10 in Summonings
  9858 | D:11     | Reached skill level 10 in Necromancy
  9858 | D:11     | Reached skill level 10 in Translocations
  9858 | D:11     | Reached skill level 10 in Transmutations
  9858 | D:11     | Reached skill level 10 in Fire Magic
  9858 | D:11     | Reached skill level 10 in Ice Magic
  9858 | D:11     | Reached skill level 10 in Air Magic
  9858 | D:11     | Reached skill level 10 in Earth Magic
  9858 | D:11     | Reached skill level 10 in Poison Magic
  9865 | D:10     | Reached skill level 14 in Fighting
 10112 | D:11     | Noticed a two-headed ogre
 10122 | D:11     | Killed a two-headed ogre
 10125 | D:11     | Identified the +10 war axe of the Shimmering Tiger {flame,
                  | Str+3 Stlth+}
 10133 | D:11     | Noticed a boulder beetle
 10153 | D:11     | Mangled by a boulder beetle

Illustrated notes

Levels and vault maps discovered:
D:1:      dpeg_arrival_leaves_temple_mockup, layout_basic, minmay_tromino_mix6
D:2:      layout_rooms, basic_altar
D:3:      layout_rooms
D:4:      layout_gridville, ebering_ghost_rock_garden, minmay_crossroads
D:5:      layout_basic, xom_butterflies, lemuel_crystal_altar,
          cheibriados_altar_1, uniq_ijyb, uniq_edmund, uniq_grinder
D:6:      layout_loops_cross, gup_sewer_entry_pipe, uniq_duvessa
D:7:      layout_rooms, temple_fountains, grunt_decor_arrowhead,
          grunt_ministairs_5, kennysheep_generic_room_6
D:8:      layout_basic, enter_bailey_2, uniq_grum
D:9:      layout_basic, mainiacjoe_overflow_large_starburst,
          hellmonk_lair_entry_icy, gammafunk_ghost_abyssal_escape,
          nicolae_concentric_dashed_squares_mild
D:10:     layout_stronghold, mainiacjoe_overflow_chevrons, led_sif_book
D:11:     minmay_the_grid_triangle_9x9_recursive_3
          [minmay_the_grid_triangle_9x9_steps,
          minmay_the_grid_triangle_9x9_sprig,
          minmay_the_grid_triangle_9x9_subtriangle,
          minmay_the_grid_triangle_9x9_prize_schism,
          minmay_the_grid_triangle_9x9_limited_checkers,
          minmay_the_grid_triangle_9x9_fully_insulated_deathbox,
          minmay_the_grid_triangle_9x9_dagger,
          minmay_the_grid_triangle_9x9_checkered,
          minmay_the_grid_triangle_9x9_corrupted_corridor], layout_layer_cave,
          portal_ice_cave_entry_ice_simulacra, nicolae_shop_overcharged_wands

Skill      XL: |  1  2  3  4  5  6  7  8  9 10 11 |
---------------+----------------------------------+-----
Fighting       | 1 2 3 4 6 7 9 11 14 | 14.3
Spellcasting   | 4 5 6 7 9 10 | 10.2
Conjurations   | 4 5 6 7 9 10 | 10.2
Hexes          | 4 5 6 7 9 10 | 10.2
Summonings     | 4 5 6 7 9 10 | 10.2
Necromancy     | 4 5 6 7 9 10 | 10.2
Translocations | 4 5 6 7 9 10 | 10.2
Transmutations | 4 5 6 7 9 10 | 10.2
Fire Magic     | 4 5 6 7 9 10 | 10.2
Ice Magic      | 4 5 6 7 9 10 | 10.2
Air Magic      | 4 5 6 7 9 10 | 10.2
Earth Magic    | 4 5 6 7 9 10 | 10.2
Poison Magic   | 4 5 6 7 9 10 | 10.2
Dodging        | |  2.1
Stealth        | |  1.5

Action                     |  1- 3 |  4- 6 |  7- 9 | 10-12 || total
---------------------------+-------+-------+-------+-------++-------
  Melee: Unarmed           |       |       |     4 |     5 ||     9
   Cast: Necrotise         |    63 |    43 |    11 |       ||   117
         Slow              |     2 |     6 |    14 |     2 ||    24
         Vampiric Draining |       |    10 |   140 |   120 ||   270
         Momentum Strike   |       |     3 |     4 |     3 ||    10
         Call Canine Famil |       |       |    13 |    11 ||    24
         Sticky Flame      |       |       |     2 |    42 ||    44
         Anguish           |       |       |       |     6 ||     6
 Invoke: Recall Undead Har |       |       |     2 |     4 ||     6
         Dark Bargain      |       |       |       |     4 ||     4
  Evoke: Wand              |       |       |     6 |     7 ||    13
    Use: Scroll            |       |     5 |     5 |    10 ||    20
         Potion            |       |       |       |     1 ||     1
 Armour: Robe              |     3 |     3 |   121 |   163 ||   290
  Dodge: Dodged            |     7 |    10 |   110 |   133 ||   260

Table legend: (Time is in decaauts)
 A = Elapsed time spent in this place.
 B = Non-inter-level travel time spent in this place.
 C = Inter-level travel time spent in this place.
 D = Time resting spent in this place.
 E = Time spent auto-exploring this place.
 F = Levels seen in this place.
 G = Mean time per level.
                   A        B        C        D        E       F      G
               +--------+--------+--------+--------+--------+-----+--------+
         Total |  10157 |   9472 |    685 |   1924 |   5360 |  13 |  781.3 |
       Dungeon |   9265 |   8580 |    685 |   1586 |   5343 |  11 |  842.3 |
         Sewer |    221 |    221 |      0 |      0 |     17 |   1 |  221.0 |
        Bailey |    670 |    670 |      0 |    338 |      0 |   1 |  670.0 |
               +--------+--------+--------+--------+--------+-----+--------+

Top non-repeatable levels by time:
    D:10: 1693 daAuts
     D:4: 1118 daAuts
     D:9: 1092 daAuts
     D:7: 1019 daAuts
     D:6: 1013 daAuts
     D:5: 1010 daAuts
     D:1: 816 daAuts
  Bailey: 670 daAuts
     D:8: 646 daAuts
     D:3: 471 daAuts
     D:2: 301 daAuts
   Sewer: 221 daAuts
    D:11: 81 daAuts
